[Event "Ulm 2007"]
[Site "Privat"]
[Date "2007.09.21"]
[Round "1"]
[White "Anistratov, Dimitrij"]
[Black "Schmidt, Waldemar"]
[Result "1-0"]
[ECO "B12"]
[WhiteElo "2314"]
[BlackElo "1603"]
[Annotator "Goda,Frederic"]
[PlyCount "49"]
[EventDate "2007.??.??"]
[TimeControl "30/5400:0"]

{384MB, Fritz8.ctg, SCHACHCOMP} 1. e4 c6 2. d4 d5 3. e5 Bf5 4. Nc3 e6 5. g4 Bg6
6. Nge2 Bb4 7. h4 h5 8. Nf4 Ne7 9. Nxg6 Nxg6 10. gxh5 Nxh4 11. Bd3 g6 12. hxg6
Nxg6 13. Rxh8+ Nxh8 14. Qh5 Kd7 15. Bg5 Be7 16. Bxe7 Kxe7 17. O-O-O Qg8 18. f4
Na6 19. a3 Ng6 20. Rg1 Qh8 21. Bxg6 fxg6 22. Qxg6 Rf8 23. Ne2 Rf7 24. Ng3 Rg7
25. Nf5+ 1-0

[Event "Ulm2007"]
[Site "Privat"]
[Date "2007.09.21"]
[Round "1"]
[White "Goda, Frederic"]
[Black "Oberst, Thomas"]
[Result "0-1"]
[ECO "A45"]
[WhiteElo "1605"]
[BlackElo "2263"]
[Annotator "Goda,Frederic"]
[PlyCount "62"]
[EventDate "2007.??.??"]
[TimeControl "30/5400:0"]

{384MB, Fritz8.ctg, SCHACHCOMP} 1. d4 Nf6 2. Bf4 b5 3. Nf3 Bb7 4. e3 a6 5. Be2
e6 6. Nbd2 c5 7. c4 cxd4 8. exd4 bxc4 9. Nxc4 Bb4+ 10. Nfd2 O-O 11. O-O d5 12.
Ne5 Qe7 13. Rc1 Bd6 14. Bg3 a5 15. Nb3 {(Lh4) [%emt 0:09:23]} Ne4 16. Bd3 f6 17. Ng4 Nxg3 18. fxg3 Nc6 19. Nc5
e5 20. Nxb7 Qxb7 21. dxe5 Nxe5 22. Nxe5 fxe5 23. Rxf8+ Rxf8 24. b3 e4 25. Bxe4
Qb6+ 26. Kh1 dxe4 27. Qd5+ Kh8 28. h3 e3 29. Rc6 e2 30. Rxb6 e1=Q+ 31. Kh2
Bxg3# 0-1

[Event "Ulm2007"]
[Site "Privat"]
[Date "2007.09.21"]
[Round "1"]
[White "Schulze, Andreas"]
[Black "Klein, Franz"]
[Result "1-0"]
[ECO "C44"]
[WhiteElo "2146"]
[BlackElo "1574"]
[Annotator "Goda,Frederic"]
[PlyCount "104"]
[EventDate "2007.??.??"]
[TimeControl "30/5400:0"]

{384MB, Fritz8.ctg, SCHACHCOMP} 1. e4 e5 2. Nf3 Nc6 3. d4 exd4 4. c3 d5 5. exd5
Qxd5 6. cxd4 Bg4 7. Be2 Bb4+ 8. Nc3 Nge7 9. O-O Qf5 10. h3 Bxf3 11. Bxf3 O-O
12. a3 Ba5 13. Be3 Rfd8 14. Qa4 Bb6 15. Rad1 a6 16. d5 Ne5 17. Be4 Qd7 18. Bxb6
cxb6 19. Qd4 Qd6 20. Rfe1 N5g6 21. Bb1 Qc5 22. g3 Kf8 23. h4 Qxd4 24. Rxd4 f6
25. f4 Nh8 26. Red1 g6 27. d6 Nc6 28. R4d2 Rd7 29. Na4 Re8 30. Nxb6 Rdd8 31.
Ba2 Nf7 32. Na4 Nh6 33. Nc5 Nf5 34. Nxb7 Nxg3 35. Nxd8 Rxd8 36. d7 Nf5 37. Kf2
Nfe7 38. b4 h6 39. Bc4 Nb8 40. Rd6 Kg7 41. Bxa6 Nf5 42. Rb6 Nxa6 43. Rxa6 Kf7
44. Ra7 Ne7 45. b5 g5 46. fxg5 hxg5 47. hxg5 fxg5 48. a4 Ke6 49. a5 g4 50. a6
g3+ 51. Kxg3 Nf5+ 52. Kf2 Nd6 1-0

[Event "Ulm2007"]
[Site "Privat"]
[Date "2007.09.21"]
[Round "1"]
[White "Kelemen, Norbert"]
[Black "Gallwitz, Helge"]
[Result "1/2-1/2"]
[ECO "C76"]
[WhiteElo "1542"]
[BlackElo "2070"]
[Annotator "Goda,Frederic"]
[PlyCount "41"]
[EventDate "2007.??.??"]
[TimeControl "30/5400:0"]

{384MB, Fritz8.ctg, SCHACHCOMP} 1. e4 e5 2. Nf3 Nc6 3. Bb5 a6 4. Ba4 g6 5. O-O
Bg7 6. c3 d6 7. d4 Bd7 8. Bg5 Nge7 9. dxe5 Nxe5 10. Bxd7+ Qxd7 11. Qe2 Qg4 12.
Nbd2 f6 13. h3 Qh5 14. Be3 f5 15. Nd4 Qxe2 16. Nxe2 fxe4 17. Nxe4 Nc4 18. Bd4
Bxd4 19. Nxd4 c5 20. Nf3 O-O-O 21. b3 1/2-1/2

[Event "Ulm2007"]
[Site "Privat"]
[Date "2007.09.21"]
[Round "1"]
[White "Topalovic, Ljubisav"]
[Black "Maier, Arnd"]
[Result "0-1"]
[ECO "B10"]
[WhiteElo "1519"]
[BlackElo "2047"]
[Annotator "Goda,Frederic"]
[PlyCount "76"]
[EventDate "2007.??.??"]
[TimeControl "30/5400:0"]

{384MB, Fritz8.ctg, SCHACHCOMP} 1. e4 c6 2. f4 d5 3. exd5 cxd5 4. Nf3 Nc6 5. d4
Bg4 6. Be2 e6 7. O-O Nf6 8. c3 Bd6 9. Ne5 Bxe2 10. Qxe2 O-O 11. Nd2 Qc7 12.
Ndf3 a6 13. a3 Na5 14. Nd2 b5 15. Rb1 Rab8 16. Rf3 Nc4 17. Ndxc4 bxc4 18. Ra1
Ne4 19. Ng4 Kh8 20. Kh1 Rb7 21. Nf2 f5 22. Nh3 h6 23. Nf2 Qb8 24. Nd1 g6 25.
Nf2 Rh7 26. Nh3 Rg8 27. g3 g5 28. Rf1 g4 29. Ng1 h5 30. Kg2 h4 31. Qc2 Kg7 32.
Be3 hxg3 33. hxg3 Rgh8 34. Rf2 Rh1 35. Qa4 R8h2+ 36. Kf1 Nxg3+ 37. Ke1 Rxg1+
38. Kd2 Qxb2+ 0-1

[Event "Ulm2007"]
[Site "Privat"]
[Date "2007.09.21"]
[Round "1"]
[White "Hörsch, Heiner"]
[Black "Rissmann, Klaus"]
[Result "1-0"]
[ECO "D20"]
[WhiteElo "2016"]
[BlackElo "1494"]
[Annotator "Goda,Frederic"]
[PlyCount "111"]
[EventDate "2007.??.??"]
[TimeControl "30/5400:0"]

{384MB, Fritz8.ctg, SCHACHCOMP} 1. d4 d5 2. c4 dxc4 3. e4 e6 4. Bxc4 c5 5. d5
exd5 6. exd5 Nf6 7. Nf3 Be7 8. Bf4 Bd6 9. Bxd6 Qxd6 10. O-O O-O 11. Nc3 a6 12.
a4 Bg4 13. h3 Bxf3 14. Qxf3 Nbd7 15. b3 Rfe8 16. Rfe1 Ne5 17. Qf5 Re7 18. Re3
Rae8 19. Rae1 Ng6 20. Rxe7 Nxe7 21. Qg5 h6 22. Qd2 Kf8 23. Qd3 Ng6 24. Rxe8+
Kxe8 25. Qf5 Ne7 26. Qd3 Ng6 27. g3 Kd8 28. Kg2 Ne5 29. Qe3 Ned7 30. f4 Nb6 31.
Kf3 Qd7 32. Qxc5 Nxc4 33. bxc4 Qxh3 34. Qf8+ Kc7 35. Qxf7+ Kb8 36. Qxg7 Qf1+
37. Ke3 Qc1+ 38. Kd3 Qf1+ 39. Kc2 Qf2+ 40. Kb3 Qb6+ 41. Ka2 Qf2+ 42. Kb3 Qb6+
43. Kc2 Qf2+ 44. Kd3 Qf3+ 45. Kd4 Ng4 46. Kc5 Qe3+ 47. Kb4 Qb6+ 48. Nb5 axb5
49. Qxg4 bxc4+ 50. Kxc4 Qa6+ 51. Kc5 Qxa4 52. Kd6 Qa6+ 53. Ke7 Kc7 54. Qd7+ Kb8
55. Qd6+ Kc8 56. Qd8# 1-0

[Event "Ulm2007"]
[Site "Privat"]
[Date "2007.09.21"]
[Round "1"]
[White "Förderreuther, Jonas"]
[Black "Lainburg, Viktor"]
[Result "0-1"]
[ECO "B06"]
[WhiteElo "1493"]
[BlackElo "2010"]
[Annotator "Goda,Frederic"]
[PlyCount "100"]
[EventDate "2007.??.??"]
[TimeControl "30/5400:0"]

{384MB, Fritz8.ctg, SCHACHCOMP} 1. e4 g6 2. d4 Bg7 3. Nf3 d6 4. Bc4 c6 5. O-O
Nf6 6. Re1 O-O 7. Bf4 Nxe4 8. Rxe4 d5 9. Bxd5 cxd5 10. Re1 Bg4 11. Be3 Nc6 12.
c3 e5 13. dxe5 Nxe5 14. Nbd2 Nd3 15. Re2 Nxb2 16. Qb3 Nc4 17. Nxc4 dxc4 18.
Qxc4 Bxf3 19. gxf3 Qf6 20. Qe4 Qxc3 21. Rc1 Qf6 22. Qxb7 a5 23. Kg2 a4 24. Rec2
Qe6 25. Qe4 Rfe8 26. Rc4 Bb2 27. R1c2 Qf6 28. Qb7 a3 29. Bh6 Rab8 30. Qxb8 Rxb8
31. Rc8+ Qd8 32. Rxd8+ Rxd8 33. Re2 f5 34. Re1 Kf7 35. Kf1 Rc8 36. Re2 Kf6 37.
Be3 Rc4 38. f4 h6 39. h4 Bc1 40. Kg2 Bxe3 41. fxe3 Rc1 42. Rd2 Ke6 43. Rd3 Rc2+
44. Kg3 Rxa2 45. Rd4 Rb2 46. Ra4 a2 47. Ra5 Kd6 48. Ra7 Kc5 49. Ra6 Kc4 50. Ra8
Kb3 0-1

[Event "Ulm2007"]
[Site "Privat"]
[Date "2007.09.21"]
[Round "1"]
[White "Over, Klaus"]
[Black "Zahn, Achim"]
[Result "1/2-1/2"]
[ECO "D37"]
[WhiteElo "2000"]
[BlackElo "1488"]
[Annotator "Goda,Frederic"]
[PlyCount "52"]
[EventDate "2007.??.??"]
[TimeControl "30/5400:0"]

{384MB, Fritz8.ctg, SCHACHCOMP} 1. d4 d5 2. Nf3 e6 3. c4 Nf6 4. Nc3 Be7 5. Bf4
c6 6. e3 O-O 7. cxd5 exd5 8. Qc2 Nh5 9. Be5 Bd6 10. Bd3 h6 11. O-O-O Bg4 12.
Be2 Bxf3 13. Bxf3 Nf6 14. Qf5 Bxe5 15. dxe5 Qd7 16. Qd3 Ng4 17. Bxg4 Qxg4 18.
Rhg1 Nd7 19. h3 Qe6 20. f4 Rfe8 21. Qd4 f6 22. e4 fxe5 23. fxe5 Qxe5 24. exd5
Qxd4 25. Rxd4 cxd5 26. Nxd5 Rac8+ 1/2-1/2

[Event "Ulm2007"]
[Site "Privat"]
[Date "2007.09.21"]
[Round "1"]
[White "Fischer, Heidi"]
[Black "Gebhardt, Uwe"]
[Result "0-1"]
[ECO "A41"]
[WhiteElo "1479"]
[BlackElo "1995"]
[Annotator "Goda,Frederic"]
[PlyCount "70"]
[EventDate "2007.??.??"]
[TimeControl "30/5400:0"]

{384MB, Fritz8.ctg, SCHACHCOMP} 1. c4 g6 2. Nc3 Bg7 3. Nf3 d6 4. d4 Nc6 5. e4
Bg4 6. Be3 e5 7. d5 Nd4 8. Be2 Nxe2 9. Qxe2 Nf6 10. h3 Bd7 11. Qc2 Nh5 12. Nd2
f5 13. f3 O-O 14. Ne2 f4 15. Bf2 Qg5 16. Rh2 Bf6 17. h4 Qh6 18. g4 fxg3 19.
Nxg3 Qf4 20. Ndf1 Nxg3 21. Bxg3 Qxf3 22. Qe2 Bg4 23. Qe3 Bg7 24. Qxf3 Rxf3 25.
Rf2 Raf8 26. Rc1 b6 27. Rc3 Bh6 28. Nh2 Rxf2 29. Bxf2 Bh5 30. Be3 Bf4 31. Bxf4
Rxf4 32. Re3 Rxh4 33. Nf1 Rf4 34. Ng3 Bg4 35. b4 h5 0-1

[Event "Ulm2007"]
[Site "Privat"]
[Date "2007.09.21"]
[Round "1"]
[White "Wolf, Rainer"]
[Black "Hengstberger, Uli"]
[Result "1-0"]
[ECO "A06"]
[WhiteElo "1989"]
[BlackElo "1450"]
[Annotator "Goda,Frederic"]
[PlyCount "73"]
[EventDate "2007.??.??"]
[TimeControl "30/5400:0"]

{384MB, Fritz8.ctg, SCHACHCOMP} 1. Nf3 d5 2. e3 Nf6 3. Be2 Bf5 4. O-O Nbd7 5.
d4 e6 6. c4 c6 7. Nc3 Ne4 8. Nd2 Nxc3 9. bxc3 Be7 10. Qb3 Qc7 11. Ba3 Nf6 12.
cxd5 exd5 13. c4 O-O 14. cxd5 Bxa3 15. Qxa3 cxd5 16. Rac1 Qd7 17. Qa5 b6 18.
Qb4 Rfd8 19. Ba6 Ne8 20. Rc3 Qd6 21. Qxd6 Rxd6 22. Rfc1 Rad8 23. Ra3 Nf6 24.
Nf3 Ne4 25. Ne5 Bd7 26. Rc7 f6 27. Nxd7 R6xd7 28. Rc1 Kf7 29. f3 Nd6 30. Kf2
Re7 31. Rc6 Nf5 32. g4 Rd6 33. Bb5 a6 34. gxf5 Rd8 35. Rxa6 g6 36. Raxb6 gxf5
37. Rxf6+ 1-0

[Event "Ulm2007"]
[Site "Privat"]
[Date "2007.09.21"]
[Round "1"]
[White "Sturm, Paul"]
[Black "Sander, Luzia"]
[Result "0-1"]
[ECO "B40"]
[WhiteElo "1448"]
[BlackElo "1908"]
[Annotator "Goda,Frederic"]
[PlyCount "124"]
[EventDate "2007.??.??"]
[TimeControl "30/5400:0"]

{384MB, Fritz8.ctg, SCHACHCOMP} 1. e4 c5 2. Nf3 e6 3. Nc3 a6 4. g3 d6 5. d4
cxd4 6. Nxd4 Nc6 7. Be3 Be7 8. Bg2 Nf6 9. O-O Qc7 10. Nce2 Ng4 11. Bc1 Bd7 12.
h3 Nge5 13. c3 O-O 14. Re1 Rac8 15. b3 Bf6 16. Bb2 Ne7 17. Nf4 Bg5 18. Nfe2
N5g6 19. Nf3 Bh6 20. Qd4 e5 21. Qd3 f5 22. exf5 Bxf5 23. Qd1 Qb6 24. g4 Be4 25.
Ned4 Bxf3 26. Nxf3 Nh4 27. Qe2 Nxf3+ 28. Bxf3 Ng6 29. Bd5+ Kh8 30. Bg2 Rf6 31.
Rf1 Rcf8 32. Bc1 Bxc1 33. Raxc1 Nf4 34. Qe3 Qxe3 35. fxe3 Ne2+ 36. Kh2 Nxc1 37.
Rxc1 Rf2 38. Kg3 Rxa2 39. Bxb7 a5 40. Rd1 Rd8 41. Bc6 Re2 42. Kf3 Rc2 43. c4
Rb2 44. Ba4 g5 45. Rd5 Kg7 46. Rxa5 Rf8+ 47. Ke4 Rh2 48. Ra7+ Rf7 49. Ra6 Rd2
50. Be8 Rf6 51. Ra7+ Kf8 52. Ba4 Rh6 53. Kf5 Rxh3 54. Kxg5 Rf2 55. Rd7 Rxe3 56.
Rxd6 Rf7 57. Re6 Re7 58. Rf6+ Kg7 59. Rd6 e4 60. c5 Rc3 61. c6 e3 62. Bb5 e2
0-1

[Event "Ulm2007"]
[Site "Privat"]
[Date "2007.09.21"]
[Round "1"]
[White "Hoffart, Alexander"]
[Black "Peter, May"]
[Result "1-0"]
[ECO "B54"]
[WhiteElo "1955"]
[BlackElo "1432"]
[Annotator "Goda,Frederic"]
[PlyCount "77"]
[EventDate "2007.??.??"]
[TimeControl "30/5400:0"]

{384MB, Fritz8.ctg, SCHACHCOMP} 1. e4 c5 2. Nf3 d6 3. d4 cxd4 4. Nxd4 a6 5. c4
Nf6 6. Nc3 e6 7. Be3 Be7 8. Be2 O-O 9. O-O Nbd7 10. f4 Nc5 11. Bf3 e5 12. Nb3
Qc7 13. Nd5 Nxd5 14. cxd5 Nxb3 15. Qxb3 f6 16. Rac1 Qd8 17. Bb6 Qe8 18. f5 Bd8
19. Bc7 Qd7 20. Qb6 Bxc7 21. Rxc7 Qd8 22. Bh5 a5 23. Rfc1 a4 24. R1c3 Ra6 25.
Qe3 a3 26. b3 Rc6 27. R7xc6 bxc6 28. dxc6 Ba6 29. Qa7 Qa5 30. Rc1 Qb5 31. h3
Rc8 32. Bf7+ Kh8 33. Be6 Rf8 34. c7 Bc8 35. Qxa3 Qb6+ 36. Kh1 Re8 37. Qa4 Rf8
38. Bxc8 Rxc8 39. Qd7 1-0

[Event "Ulm2007"]
[Site "Privat"]
[Date "2007.09.21"]
[Round "1"]
[White "Haitov, Haim"]
[Black "Bühler, Jürgen"]
[Result "0-1"]
[ECO "A15"]
[WhiteElo "1430"]
[BlackElo "1937"]
[Annotator "Goda,Frederic"]
[PlyCount "80"]
[EventDate "2007.??.??"]
[TimeControl "30/5400:0"]

{384MB, Fritz8.ctg, SCHACHCOMP} 1. c4 Nf6 2. Nf3 g6 3. b3 Bg7 4. Bb2 O-O 5. g3
d6 6. Bg2 e5 7. d3 Nc6 8. a3 Nh5 9. e4 f5 10. Nc3 f4 11. Nd5 Nd4 12. Nxd4 exd4
13. Bf3 c6 14. Nb4 Qg5 15. h4 Qa5 16. Kf1 fxg3 17. Nc2 gxf2 18. b4 Ng3+ 19. Kg2
Qe5 20. Bxd4 Qf4 21. Be3 Qxf3+ 22. Qxf3 Rxf3 23. Kxf3 Nxh1 24. Rxh1 Bd7 25.
Kxf2 a5 26. Rb1 Rf8+ 27. Kg2 a4 28. Rh1 Bg4 29. Rf1 Bh3+ 30. Kxh3 Rxf1 31. Kg2
Rb1 32. Kf3 Rb2 33. Nd4 Ra2 34. c5 dxc5 35. bxc5 Rxa3 36. Ke2 Ra2+ 37. Kf3 Rh2
38. Kg3 Be5+ 39. Bf4 Bxd4 40. Kxh2 a3 0-1

[Event "Ulm2007"]
[Site "Privat"]
[Date "2007.09.21"]
[Round "1"]
[White "Geutebrück, Sebastian"]
[Black "Andritzke, Karl-Heinz"]
[Result "1-0"]
[ECO "A46"]
[WhiteElo "1928"]
[BlackElo "1405"]
[Annotator "Goda,Frederic"]
[PlyCount "41"]
[EventDate "2007.??.??"]
[TimeControl "30/5400:0"]

{384MB, Fritz8.ctg, SCHACHCOMP} 1. d4 Nf6 2. Nf3 e6 3. e3 c6 4. Bd3 d5 5. Nbd2
Be7 6. c3 b6 7. e4 dxe4 8. Nxe4 Nxe4 9. Bxe4 Ba6 10. Ne5 f5 11. Qh5+ g6 12.
Nxg6 Kd7 13. Nxh8 Qxh8 14. Bf3 Bd3 15. Bg5 Bxg5 16. Qxg5 Na6 17. O-O-O Bc4 18.
Rhe1 Rg8 19. Qe3 Bxa2 20. Kc2 Bd5 21. Bxd5 1-0

[Event "Ulm2007"]
[Site "Privat"]
[Date "2007.09.21"]
[Round "1"]
[White "Sauter, Berthold"]
[Black "Lachmayer, Manfred"]
[Result "0-1"]
[ECO "A54"]
[WhiteElo "1380"]
[BlackElo "1900"]
[Annotator "Goda,Frederic"]
[PlyCount "55"]
[EventDate "2007.??.??"]
[TimeControl "30/5400:0"]

{384MB, Fritz8.ctg, SCHACHCOMP} 1. c4 e5 2. Nc3 Nf6 3. Nf3 d6 4. d4 exd4 5.
Nxd4 Be7 6. Bg5 O-O 7. e3 h6 8. Bh4 Bd7 9. Bd3 Nc6 10. O-O Ne5 11. Qc2 Nxd3 12.
Qxd3 g6 13. Rad1 a6 14. a3 a5 15. e4 a4 16. f4 Ra5 17. Bxf6 Bxf6 18. Nd5 Bh8
19. Qd2 c6 20. Ne3 Re8 21. e5 dxe5 22. Nxc6 bxc6 23. Qxd7 Qxd7 24. Rxd7 exf4
25. Rxf4 Rxe3 26. Rfxf7 Bxb2 27. Rc7 Be5 28. Rcd7 0-1

[Event "Ulm2007"]
[Site "Privat"]
[Date "2007.09.21"]
[Round "1"]
[White "Hartmann, Thomas"]
[Black "Ziad, Amar"]
[Result "1-0"]
[ECO "A31"]
[WhiteElo "1863"]
[BlackElo "1378"]
[Annotator "Goda,Frederic"]
[PlyCount "49"]
[EventDate "2007.??.??"]
[TimeControl "30/5400:0"]

{384MB, Fritz8.ctg, SCHACHCOMP} 1. d4 Nf6 2. c4 c5 3. Nf3 e6 4. Nc3 g6 5. Bf4
Nc6 6. Nb5 d6 7. dxc5 e5 8. Bg5 Qa5+ 9. Qd2 Qd8 10. Bxf6 Qxf6 11. Nc7+ Kd8 12.
Nxa8 Be6 13. cxd6 Kc8 14. e3 Bg4 15. c5 Bh6 16. Be2 e4 17. Nd4 Bxe2 18. Nxc6
bxc6 19. Qxe2 Kd7 20. Qg4+ Kd8 21. O-O Qe5 22. b4 Bg7 23. Rab1 h5 24. Qf4 Qe6
25. Nc7 1-0

[Event "Ulm2007"]
[Site "Privat"]
[Date "2007.09.21"]
[Round "1"]
[White "Loos, Tobias"]
[Black "Heinrich, Klaus"]
[Result "0-1"]
[ECO "A01"]
[WhiteElo "1352"]
[BlackElo "1806"]
[Annotator "Goda,Frederic"]
[PlyCount "62"]
[EventDate "2007.??.??"]
[TimeControl "30/5400:0"]

{384MB, Fritz8.ctg, SCHACHCOMP} 1. b3 f5 2. Bb2 Nf6 3. c4 e6 4. e3 Be7 5. Nf3
O-O 6. d3 b6 7. Be2 Bb7 8. O-O c5 9. Nbd2 Nc6 10. a3 Qc7 11. Qc2 Rae8 12. d4
cxd4 13. exd4 Ng4 14. h3 Nh6 15. Rfe1 Bf6 16. Bd3 Ne7 17. Rad1 Ng6 18. g3 Ba8
19. Bf1 Nf7 20. Bg2 Rc8 21. b4 Nd6 22. c5 Ne4 23. Nxe4 Bxe4 24. Qd2 Qb7 25. Qe2
bxc5 26. bxc5 Bd5 27. Rc1 Rb8 28. Ba1 Qa8 29. Qf1 Bxf3 30. Bxf3 Qxf3 31. Re3
Qd5 0-1

[Event "Ulm2007"]
[Site "Privat"]
[Date "2007.09.21"]
[Round "1"]
[White "Nissl, Michael"]
[Black "Stiller, Norbert"]
[Result "1-0"]
[ECO "B08"]
[WhiteElo "1800"]
[BlackElo "1332"]
[Annotator "Goda,Frederic"]
[PlyCount "49"]
[EventDate "2007.??.??"]
[TimeControl "30/5400:0"]

{384MB, Fritz8.ctg, SCHACHCOMP} 1. e4 d6 2. d4 Nf6 3. Nc3 g6 4. Nf3 Bg7 5. h3
O-O 6. Be3 Nbd7 7. Bc4 Nb6 8. Bb3 d5 9. e5 Ne4 10. Nxe4 dxe4 11. Ng5 Nd5 12.
Nxe4 Nxe3 13. fxe3 e6 14. O-O b6 15. Qg4 Bb7 16. Ng5 Bc8 17. Rf3 Bh6 18. Ne4
Bb7 19. Raf1 Qe7 20. h4 Kh8 21. Rh3 Rg8 22. Nf6 Rg7 23. Qg3 Rd8 24. Ng4 Bxe3+
25. Qxe3 1-0

[Event "Ulm2007"]
[Site "Privat"]
[Date "2007.09.21"]
[Round "1"]
[White "von Schwerin, Reinhold"]
[Black "Kinzig, Lars"]
[Result "1-0"]
[ECO "B10"]
[WhiteElo "1331"]
[BlackElo "1789"]
[Annotator "Goda,Frederic"]
[PlyCount "51"]
[EventDate "2007.??.??"]
[TimeControl "30/5400:0"]

{384MB, Fritz8.ctg, SCHACHCOMP} 1. e4 c6 2. Nc3 d5 3. d3 d4 4. Na4 e5 5. b3 c5
6. Nb2 Nc6 7. Nf3 Qc7 8. h3 h6 9. Be2 Nf6 10. Bd2 Be7 11. c3 Be6 12. Nh4 Nxe4
13. dxe4 Bxh4 14. O-O O-O 15. f4 Bg3 16. f5 Bd7 17. Bc4 dxc3 18. Bxc3 Bf4 19.
Qg4 Kh8 20. Rxf4 Nd4 21. Bxd4 cxd4 22. Rf3 b5 23. Rg3 g6 24. Qh4 h5 25. fxg6
fxg6 26. Rxg6 1-0

[Event "Ulm2007"]
[Site "Privat"]
[Date "2007.09.21"]
[Round "1"]
[White "Zierke, Markus"]
[Black "Huppertz, Anton"]
[Result "1-0"]
[ECO "A40"]
[WhiteElo "1763"]
[BlackElo "1316"]
[Annotator "Goda,Frederic"]
[PlyCount "97"]
[EventDate "2007.??.??"]
[TimeControl "30/5400:0"]

{384MB, Fritz8.ctg, SCHACHCOMP} 1. d4 g6 2. e3 Bg7 3. f4 d6 4. Nf3 Bg4 5. Bc4
Nh6 6. O-O O-O 7. h3 Bxf3 8. Qxf3 c6 9. d5 c5 10. c3 f5 11. Nd2 Nd7 12. e4 fxe4
13. Qxe4 Nf5 14. Nf3 Kh8 15. Re1 Nf6 16. Qe6 Qd7 17. Qxd7 Nxd7 18. g4 Nb6 19.
Bd3 c4 20. Bc2 Nh6 21. Be4 Ng8 22. g5 Na4 23. Re2 Nc5 24. Bd2 Nxe4 25. Rxe4 b5
26. Be3 Rf5 27. Rd1 a6 28. Bd4 Bxd4+ 29. Rdxd4 Rf7 30. Kg2 Rc8 31. Rd2 Rcf8 32.
Kg3 h6 33. h4 Rf5 34. Ne1 a5 35. Nc2 Rb8 36. a3 Rbf8 37. Ne3 R5f7 38. a4 hxg5
39. hxg5 Rh7 40. axb5 Rb8 41. Rxc4 Rxb5 42. Ra4 Rh1 43. Nc4 Rg1+ 44. Kf2 Rh1
45. Kg2 Rh4 46. Kg3 Rh1 47. Rxa5 Rb8 48. Ra4 Rf8 49. Ne3 1-0

[Event "Ulm2007"]
[Site "Privat"]
[Date "2007.09.21"]
[Round "1"]
[White "Jahn, Manfred"]
[Black "Stork, Simon"]
[Result "1-0"]
[ECO "D94"]
[WhiteElo "1682"]
[BlackElo "1128"]
[Annotator "Goda,Frederic"]
[PlyCount "113"]
[EventDate "2007.??.??"]
[TimeControl "30/5400:0"]

{384MB, Fritz8.ctg, SCHACHCOMP} 1. d4 Nf6 2. c4 g6 3. Nc3 Bg7 4. Nf3 O-O 5. e3
d5 6. Be2 Nc6 7. O-O Bf5 8. b3 e6 9. Bb2 Re8 10. h3 Ne4 11. Rc1 Nb4 12. a3 Nxc3
13. Rxc3 Na2 14. Rc2 Bxc2 15. Qxc2 b6 16. Ra1 c5 17. Rxa2 Rc8 18. Qd2 Qc7 19.
dxc5 Bxb2 20. cxb6 Qxb6 21. Rxb2 Rcd8 22. Qd4 Qa5 23. Qf6 Qxa3 24. Ng5 Qf8 25.
Ra2 Rd7 26. Ra1 Rb8 27. cxd5 exd5 28. Bg4 Rdb7 29. h4 h6 30. Nf3 Qg7 31. Qxg7+
Kxg7 32. Nd4 f5 33. Bf3 Rd7 34. Ra5 Rbd8 35. Ne6+ Kf6 36. Nxd8 Rxd8 37. Rxa7 d4
38. exd4 Rxd4 39. Ra6+ Kg7 40. Ra4 Rd6 41. b4 Rd4 42. Ra7+ Kf6 43. b5 Rxh4 44.
b6 Rb4 45. b7 g5 46. Ra8 g4 47. Bc6 g3 48. b8=Q gxf2+ 49. Kxf2 Rxb8 50. Rxb8 h5
51. Kf3 Kg5 52. Bd7 f4 53. Rg8+ Kh6 54. Kxf4 h4 55. Kf5 h3 56. gxh3 Kh7 57. Rg4
1-0

[Event "Ulm2007"]
[Site "Privat"]
[Date "2007.09.21"]
[Round "1"]
[White "Krapf, Katharina"]
[Black "Späth, Gerhard"]
[Result "0-1"]
[ECO "D06"]
[WhiteElo "1043"]
[BlackElo "1675"]
[Annotator "Goda,Frederic"]
[PlyCount "56"]
[EventDate "2007.??.??"]
[TimeControl "30/5400:0"]

{384MB, Fritz8.ctg, SCHACHCOMP} 1. d4 d5 2. c4 Nf6 3. cxd5 Nxd5 4. e4 Nf6 5.
Nc3 e6 6. a3 Be7 7. Nf3 Nc6 8. Bc4 O-O 9. O-O a6 10. Bf4 Nh5 11. Ne2 b5 12. Bb3
Bb7 13. Qd3 Nxf4 14. Nxf4 Bg5 15. Nh5 g6 16. Ng3 Bf6 17. Rad1 Qe7 18. Rd2 Rfd8
19. d5 Ne5 20. Nxe5 Bxe5 21. Rb1 c5 22. Qe2 Bf4 23. Rdd1 c4 24. Bc2 Bxg3 25.
fxg3 exd5 26. Re1 d4 27. Qg4 d3 28. Bd1 f5 0-1

[Event "Ulm2007"]
[Site "Privat"]
[Date "2007.09.21"]
[Round "1"]
[White "Sanna, Giuseppe"]
[Black "Hörsch, Florian"]
[Result "0-1"]
[ECO "B04"]
[WhiteElo "1650"]
[BlackElo "1013"]
[Annotator "Goda,Frederic"]
[PlyCount "76"]
[EventDate "2007.??.??"]
[TimeControl "30/5400:0"]

{384MB, Fritz8.ctg, SCHACHCOMP} 1. e4 Nf6 2. e5 Nd5 3. d4 d6 4. Nf3 g6 5. Bc4
Nb6 6. Bxf7+ Kxf7 7. Ng5+ Ke8 8. Qf3 Bf5 9. e6 Qc8 10. d5 c6 11. g4 Bxc2 12.
Qf7+ Kd8 13. Nxh7 Kc7 14. Bg5 Qd8 15. Na3 Be4 16. Nf6 Bxh1 17. Nb5+ Kc8 18. Bf4
Nxd5 19. Nxd5 Bxd5 20. Nc3 Bh6 21. Bg3 Qf8 22. Qxg6 Qf6 23. Nxd5 cxd5 24. Qxf6
exf6 25. Bxd6 Re8 26. e7 Nc6 27. f4 Nxe7 28. Kf2 Kd7 29. g5 Kxd6 30. gxh6 Rh8
31. Rg1 Rag8 32. Rg3 Rxg3 33. hxg3 Rxh6 34. Kg2 d4 35. Kf3 Rh2 36. Ke4 Nc6 37.
g4 Rxb2 38. Kf5 d3 0-1

[Event "Ulm2007"]
[Site "Privat"]
[Date "2007.10.12"]
[Round "2"]
[White "Smolny, Frieder"]
[Black "Wolf, Willi"]
[Result "1-0"]
[ECO "A30"]
[WhiteElo "1928"]
[BlackElo "1568"]
[Annotator "Goda,Frederic"]
[PlyCount "73"]
[EventDate "2007.??.??"]
[TimeControl "30/5400:0"]

{384MB, Fritz8.ctg, SCHACHCOMP} 1. Nf3 c5 2. c4 d6 3. d4 cxd4 4. Nxd4 Nf6 5. g3
g6 6. Bg2 Bg7 7. b3 O-O 8. Bb2 Qa5+ 9. Nc3 Nbd7 10. O-O Rb8 11. Rc1 Nc5 12. a3
Ne6 13. b4 Qd8 14. Nb3 Bd7 15. Qd2 Bc6 16. Nd5 Bxd5 17. cxd5 Nc7 18. Rc2 Qd7
19. Rfc1 Rfc8 20. Bh3 Qxh3 21. Bxf6 Bxf6 22. Rxc7 Rxc7 23. Rxc7 Qf5 24. Na5
Qb1+ 25. Kg2 Qe4+ 26. f3 Qe5 27. Nxb7 Qa1 28. Qd3 Bd4 29. e3 Bb6 30. Rxe7 Rc8
31. Nxd6 Rc3 32. Qb5 Qa2+ 33. Kh3 Rc2 34. Qe8+ Kg7 35. Qxf7+ Kh6 36. Qxh7+ Kg5
37. Qh4# 1-0

[Event "Ulm2007"]
[Site "Privat"]
[Date "2007.10.19"]
[Round "3"]
[White "Anistratov, Dimitrij"]
[Black "Gebhardt, Uwe"]
[Result "1-0"]
[ECO "B08"]
[WhiteElo "2314"]
[BlackElo "1995"]
[Annotator "Goda,Frederic"]
[PlyCount "63"]
[EventDate "2007.??.??"]
[TimeControl "30/5400:1800"]

{384MB, Fritz8.ctg, SCHACHCOMP} 1. e4 g6 2. d4 Bg7 3. Nc3 d6 4. Nf3 c6 5. a4
Nf6 6. h3 O-O 7. Be3 Na6 8. Be2 h6 9. O-O Nc7 10. Nd2 e5 11. dxe5 dxe5 12. Qc1
Ne6 13. Nc4 Kh7 14. Rd1 Qc7 15. a5 Nd4 16. Bf1 Nh5 17. Ne2 Nxe2+ 18. Bxe2 Nf4
19. Bf1 Be6 20. Bc5 Bxc4 21. Bxc4 Rfd8 22. Rxd8 Qxd8 23. Qe3 h5 24. Kh2 Bh6 25.
Qb3 Qd7 26. Bxf7 g5 27. Bc4 g4 28. hxg4 Qxg4 29. Qg3 Qd7 30. Qh4 Re8 31. g3 Ne6 32. Bxe6 1-0

[Event "Ulm2007"]
[Site "Privat"]
[Date "2007.10.19"]
[Round "3"]
[White "Wolf, Rainer"]
[Black "Oberst, Thomas"]
[Result "1-0"]
[ECO "A05"]
[WhiteElo "1989"]
[BlackElo "2263"]
[Annotator "Goda,Frederic"]
[PlyCount "122"]
[EventDate "2007.??.??"]
[TimeControl "30/5400:1800"]

{384MB, Fritz8.ctg, SCHACHCOMP} 1. Nf3 Nf6 2. e3 g6 3. Be2 Bg7 4. O-O c5 5. d4
cxd4 6. exd4 d5 7. Ne5 O-O 8. Nd2 Bf5 9. g4 Bd7 10. f4 Nc6 11. Nxd7 Qxd7 12. c3
e6 13. Bf3 b5 14. a3 a5 15. Qe1 b4 16. Nb3 Qd6 17. axb4 axb4 18. Rxa8 Rxa8 19.
g5 Nd7 20. h4 bxc3 21. bxc3 Ne7 22. h5 Qb6 23. h6 Qxb3 24. hxg7 Kxg7 25. Bd1
Qb1 26. Bd2 Ra2 27. Rf2 Ra1 28. Rf1 Nf5 29. Bg4 Qb2 30. Qxa1 Qxd2 31. Qc1 Qe3+
32. Qxe3 Nxe3 33. Bxe6 fxe6 34. Re1 Nc4 35. Rxe6 Kf7 36. Ra6 Kg7 37. Kf2 Ncb6
38. Kg3 h5 39. Kh4 Nc4 40. Ra7 Ncb6 41. f5 gxf5 42. Kxh5 Kh7 43. Ra1 Nc4 44.
Re1 Nf8 45. Re7+ Kg8 46. g6 f4 47. Kh6 f3 48. Rg7+ Kh8 49. Rf7 Kg8 50. Rxf3 Nd6
51. Rf6 Ne4 52. Rc6 Nd2 53. Rc7 Nc4 54. Kg5 Nd2 55. Rc8 Kg7 56. Rc7+ Kg8 57.
Re7 Ne4+ 58. Kh6 Nf6 59. Rg7+ Kh8 60. Rf7 N8d7 61. Kg5 Ne4+ 1-0